 Dungeon Crawl Stone Soup version 0.19.5 (webtiles) character file.

106 McKennaii the Skirmisher (level 4, 0/37 HPs)
             Began as a Demonspawn Abyssal Knight on Apr 25, 2017.
             Was a Believer of Lugonu.
             Killed from afar by an orc wizard (5 damage)
             ... with a magic dart
             ... on level 3 of the Dungeon.
             The game lasted 00:04:53 (2276 turns).

McKennaii the Skirmisher (DsAK)                     Turns: 2276, Time: 00:04:55

Health: 0/37       AC:  2    Str: 12    XL:     4   Next: 55%
Magic:  6/6        EV: 11    Int: 14    God:    Lugonu [**....]
Gold:   180        SH:  0    Dex: 13    Spells: 0 memorised, 3 levels left

rFire  . . .     SeeInvis .     a - +1 falchion
rCold  . . .     Gourm    .     b - +0 leather armour
rNeg   . . .     Faith    +     (no shield)
rPois  .         Spirit   .     (no helmet)
rElec  .         Reflect  .     (no cloak)
rCorr  .         Harm     .     k - +0 pair of gloves (curse)
MR     .....                    e - +0 pair of boots
Stlth  +.........               o - amulet of faith
                                (no ring)
                                i - -3 ring of protection (curse)

@: no status effects
A: hooves 1, demonic guardian 1
a: Depart the Abyss, Bend Space, Renounce Religion


You were on level 3 of the Dungeon.
You worshipped Lugonu.
Lugonu was pleased with you.
You were very hungry.

You visited 1 branch of the dungeon, and saw 3 of its levels.
You visited the Abyss 1 time.

You collected 180 gold pieces.

Inventory:

Hand Weapons
 a - a +1 falchion (weapon)
Armour
 b - a +0 leather armour (worn)
 e - a +0 pair of boots (worn)
 k - a cursed +0 pair of gloves (worn)
Jewellery
 i - a cursed -3 ring of protection (left hand)
 o - an amulet of faith (around neck)
Scrolls
 g - 4 scrolls of identify
 m - a scroll of fog
 p - a scroll of amnesia
Potions
 d - a potion of haste {unknown}
 h - 2 potions of lignification {unknown}
 j - a potion of flight {unknown}
 l - a potion of degeneration {unknown}
 n - a potion of might {unknown}
Comestibles
 c - 4 bread rations
 f - 3 meat rations


   Skills:
 + Level 3.9 Fighting
 + Level 2.7 Long Blades
 + Level 2.3 Armour
 + Level 1.4 Dodging
 + Level 0.4 Stealth
 + Level 2.9 Invocations


You had 3 spell levels left.
You didn't know any spells.

Dungeon Overview and Level Annotations

Branches:
Dungeon (3/15)

Altars:
Gozag
Nemelex Xobeh

Annotations:
D:3 1 runed door


Innate Abilities, Weirdness & Mutations

You have large cloven feet.
A weak demonic guardian rushes to your aid.


Message History

You barely miss something.
You hear some strange, mumbled words.
A puff of flame appears from out of thin air!
The puff of flame hits you!
You miss something.
You feel sick. Something hits you.
* * * LOW HITPOINT WARNING * * *
You miss something.
Your iron imp disappears in a puff of smoke!
You hear some strange, mumbled words.
Something tries to affect you, but you resist.
You miss something. Something hits you.
* * * LOW HITPOINT WARNING * * *
You slash something!
You feel sick.
You are no longer poisoned.
Something hits you.
* * * LOW HITPOINT WARNING * * *
You hear some strange, mumbled words.
A magic dart appears from out of thin air!
The magic dart hits you!
You die...

######################
#.....# # #.....# #
#.....# ## #.##### ##.
#.### ##.. #.#.## ##...
.<#.########....####....
....oo)@ยง..........'....
..#.########....####....
#.#.## ##... #.### ##..
####.##### ##. #........#
## #.##.###.# #
#.##...#.# # #.####.#.#
##


You could see 2 orcs.

Vanquished Creatures
  3 adders (D:3)
  A gnoll (D:1)
  An ooze (D:2)
  A worm (D:3)
  2 dart slugs (D:1)
  2 leopard geckos
  2 orcs (D:3)
  2 ball pythons (D:2)
  8 bats
  3 giant cockroaches
  7 goblins
  8 hobgoblins
  3 kobolds (D:1)
  3 frilled lizards
  7 rats
53 creatures vanquished.

Notes
Turn   | Place    | Note
-------+----------+-------------------------------------------
     0 | Abyss:1  | McKennaii the Demonspawn Abyssal Knight began the quest for the Orb.
     0 | Abyss:1  | Reached XP level 1. HP: 18/18 MP: 2/2
    86 | Abyss:2  | Noticed a small abomination
    93 | Abyss:2  | Noticed an earth elemental
    95 | Abyss:2  | Noticed an Executioner
    96 | D:1      | Escaped the Abyss
   150 | D:1      | Reached * piety under Lugonu
   176 | D:1      | Gained mutation: A weak demonic guardian rushes to your aid. [demonic ancestry]
   176 | D:1      | Reached XP level 2. HP: 8/24 MP: 3/3
   453 | D:1      | Reached skill level 1 in Dodging
   609 | D:1      | Gained mutation: You have large cloven feet. [demonic ancestry]
   609 | D:1      | Reached XP level 3. HP: 6/29 MP: 5/5
   668 | D:1      | Found a sparkling altar of Nemelex Xobeh.
  1201 | D:2      | Reached ** piety under Lugonu
  1794 | D:2      | Reached XP level 4. HP: 37/37 MP: 6/6
  1889 | D:3      | Found an opulent altar of Gozag.
  2106 | D:3      | Found a runed door.
  2276 | D:3      | Killed from afar by an orc wizard

Skill      XL: |  1  2 |
---------------+-------+-----
Long Blades    | 2 |  2.7
Dodging        | 1 |  1.4
Armour         | 2 |  2.3
Fighting       | |  3.9
Stealth        | |  0.4
Invocations    | |  2.9

Action                   |  1- 3 |  4- 6 || total
-------------------------+-------+-------++-------
Melee: Falchion          |   117 |    42 ||   159
Invok: Depart the Abyss  |     1 |       ||     1
  Use: Scroll            |     6 |       ||     6
 Stab: Sleeping          |     2 |       ||     2
  Eat: Chunk             |     1 |     1 ||     2
       Beef jerky        |     1 |       ||     1
Armor: Leather armour    |    18 |     7 ||    25
Dodge: Dodged            |    90 |    17 ||   107
       Rpst.: Falchion   |    28 |     5 ||    33
